| TOP OF THE 1ST |
|
Scranton WB RailRiders batting - Pitching for Durham Bulls : LHP Chris Ross
|
|
Pitching: LHP Chris Ross
|
|
|
Batting: LHB Joel Vera
|
0-0: Ball 1-0: Fly out, F7 (Flyball, 7LSF, EV 88.1 MPH)
|
|
Batting: RHB Andy Wasierski
|
0-0: Ground out 6-3 (Groundball, 56, EV 96.2 MPH)
|
|
Batting: SHB Mukhtar Wa'il
|
0-0: Called Strike 0-1: Called Strike 0-2: Ball 1-2: Ball 2-2: Ball 3-2: Ground out 5-3 (Groundball, 5, EV 97.5 MPH)
|
| Top of the 1st over - 0 runs, 0 hits, 0 errors, 0 left on base; Scranton WB 0 - Durham 0 |
| BOTTOM OF THE 1ST |
|
Durham Bulls batting - Pitching for Scranton WB RailRiders : LHP Omar Quinones
|
|
Pitching: LHP Omar Quinones
|
|
|
Batting: RHB Sesto Carpini
|
0-0: Called Strike 0-1: Swinging Strike 0-2: Ball 1-2: Ball 2-2: SINGLE (Flyball, 89M, EV 86.9 MPH)
|
|
Batting: RHB Jonathan Fraire
|
0-0: Ball 1-0: Ball 2-0: Ball 3-0: Called Strike 3-1: Fly out, F5 (Line Drive, 5L, EV 67.5 MPH)
|
|
Batting: SHB Lou Kroneman
|
0-0: Grounds into double play, 6-4-3 (Groundball, 6, EV 85.6 MPH)
|
| Bottom of the 1st over - 0 runs, 1 hit, 0 errors, 0 left on base; Scranton WB 0 - Durham 0 |
| TOP OF THE 2ND |
|
Scranton WB RailRiders batting - Pitching for Durham Bulls : LHP Chris Ross
|
|
Batting: SHB Victor Ruiz
|
0-0: Called Strike 0-1: Called Strike 0-2: Foul Ball, location: 2F 0-2: Ball 1-2: Fly out, F7 (Flyball, 78S, EV 82.5 MPH)
|
|
Batting: LHB Aaron Joyner
|
0-0: Ball 1-0: Foul Ball, location: 2F 1-1: Foul Ball, location: 2F 1-2: Ball 2-2: Strikes out swinging
|
|
Batting: RHB Josh Zoglmann
|
0-0: Foul Ball, location: 2F 0-1: Foul Ball, location: 2F 0-2: Strikes out looking
|
| Top of the 2nd over - 0 runs, 0 hits, 0 errors, 0 left on base; Scranton WB 0 - Durham 0 |
| BOTTOM OF THE 2ND |
|
Durham Bulls batting - Pitching for Scranton WB RailRiders : LHP Omar Quinones
|
|
Batting: RHB David Ward
|
0-0: Called Strike 0-1: Fly out, F6 (Popup, 6, EV 75.6 MPH)
|
|
Batting: RHB Jose Arriola
|
0-0: Ball 1-0: SOLO HOME RUN (Line Drive, 7D, EV 100.0 MPH), Distance : 376 ft
|
|
Batting: RHB Antonio Pacheco
|
0-0: Called Strike 0-1: Called Strike 0-2: Hit by Pitch, AND HE CHARGES THE MOUND! The benches clear!
|
|
Pitching: RHP Devon Wiley
|
|
|
Pinch Runner at 1st Jake Rheaume:
|
|
|
Batting: RHB Freddy Mullen
|
0-0: Ball 1-0: Reached on error, E6 (Groundball, 6S, EV 90.6 MPH) Jake Rheaume to second
|
|
Batting: RHB Dan Marks
|
0-0: Ball 1-0: Called Strike 1-1: Fielders Choice at 2nd, 6-4 (Groundball, 6S, EV 88.8 MPH) Jake Rheaume to third
|
|
Batting: RHB John Downing
|
0-0: Ball 1-0: Swinging Strike 1-1: Foul Ball, location: 2F 1-2: Foul Ball, location: 2F 1-2: Strikes out looking
|
| Bottom of the 2nd over - 1 run, 1 hit, 1 error, 2 left on base; Scranton WB 0 - Durham 1 |
| TOP OF THE 3RD |
|
Scranton WB RailRiders batting - Pitching for Durham Bulls : LHP Chris Ross
|
|
Now in RF: Jake Rheaume
|
|
|
Batting: LHB Dan Morris
|
0-0: Ball 1-0: Called Strike 1-1: Swinging Strike 1-2: Foul Ball, location: 2F 1-2: Foul Ball, location: 2F 1-2: Strikes out swinging
|
|
Batting: RHB Eric Davis
|
0-0: SINGLE (Groundball, 6MD, EV 100.6 MPH)
|
|
Batting: SHB Joe Fure
|
0-0: Foul Ball, location: 2F 0-1: Ball 1-1: Foul Ball, location: 2F 1-2: Grounds into double play, 6-4-3 (Groundball, 6, EV 87.5 MPH)
|
| Top of the 3rd over - 0 runs, 1 hit, 0 errors, 0 left on base; Scranton WB 0 - Durham 1 |
| BOTTOM OF THE 3RD |
|
Durham Bulls batting - Pitching for Scranton WB RailRiders : RHP Devon Wiley
|
|
Batting: RHB Sesto Carpini
|
0-0: Ball 1-0: Swinging Strike 1-1: Foul Ball, location: 2F 1-2: Strikes out swinging
|
|
Batting: RHB Jonathan Fraire
|
0-0: Called Strike 0-1: Ball 1-1: Foul Ball, location: 2F 1-2: Ground out 5-3 (Groundball, 56, EV 102.5 MPH)
|
|
Batting: SHB Lou Kroneman
|
0-0: Called Strike 0-1: Ball 1-1: Fly out, F8 (Flyball, 8LM, EV 80.0 MPH)
|
| Bottom of the 3rd over - 0 runs, 0 hits, 0 errors, 0 left on base; Scranton WB 0 - Durham 1 |
| TOP OF THE 4TH |
|
Scranton WB RailRiders batting - Pitching for Durham Bulls : LHP Chris Ross
|
|
Batting: LHB Joel Vera
|
0-0: Ball 1-0: Ball 2-0: Called Strike 2-1: Called Strike 2-2: Fly out, F7 (Line Drive, 7D, EV 100.0 MPH)
|
|
Batting: RHB Andy Wasierski
|
0-0: Ball 1-0: Called Strike 1-1: Called Strike 1-2: Strikes out looking
|
|
Batting: SHB Mukhtar Wa'il
|
0-0: Ball 1-0: Ball 2-0: Ball 3-0: Called Strike 3-1: Base on Balls
|
|
Batting: SHB Victor Ruiz
|
0-0: Called Strike 0-1: Ball 1-1: DOUBLE (Line Drive, 7LS, EV 93.8 MPH) Mukhtar Wa'il to third
|
|
Batting: LHB Aaron Joyner
|
0-0: Fly out, F7 (Flyball, 7S, EV 79.4 MPH)
|
| Top of the 4th over - 0 runs, 1 hit, 0 errors, 2 left on base; Scranton WB 0 - Durham 1 |
| BOTTOM OF THE 4TH |
|
Durham Bulls batting - Pitching for Scranton WB RailRiders : RHP Devon Wiley
|
|
Batting: RHB David Ward
|
0-0: DOUBLE (Line Drive, 78XD, EV 101.2 MPH)
|
|
Batting: RHB Jose Arriola
|
0-0: Called Strike 0-1: Ball 1-1: Reached on error, E6 (Groundball, 6, EV 87.5 MPH) David Ward scores
|
|
Batting: LHB Jake Rheaume
|
0-0: Called Strike 0-1: Ball 1-1: Ball 2-1: Called Strike 2-2: Ball 3-2: Fly out, F6 (Flyball, 56D, EV 94.4 MPH)
|
|
Batting: RHB Freddy Mullen
|
0-0: Swinging Strike 0-1: Ball 1-1: Ball 2-1: Fly out, F8 (Flyball, 78M, EV 88.8 MPH)
|
|
Batting: RHB Dan Marks
|
0-0: Foul Ball, location: 2F 0-1: Swinging Strike 0-2: Foul Ball, location: 2F 0-2: Ball 1-2: Ball 2-2: Ball 3-2: Ground out 6-3 (Groundball, 6M, EV 76.9 MPH)
|
| Bottom of the 4th over - 1 run, 1 hit, 1 error, 1 left on base; Scranton WB 0 - Durham 2 |
| TOP OF THE 5TH |
|
Scranton WB RailRiders batting - Pitching for Durham Bulls : LHP Chris Ross
|
|
Batting: RHB Josh Zoglmann
|
0-0: Foul Ball, location: 2F 0-1: Foul Ball, location: 2F 0-2: Ball 1-2: Foul Ball, location: 2F 1-2: Strikes out swinging
|
|
Batting: LHB Dan Morris
|
0-0: Called Strike 0-1: Foul Ball, location: 2F 0-2: Ball 1-2: Foul Ball, location: 2F 1-2: Ball 2-2: Ball 3-2: Ground out 4-3 (Groundball, 4, EV 86.2 MPH)
|
|
Batting: RHB Eric Davis
|
0-0: Called Strike 0-1: Ball 1-1: Foul Ball, location: 2F 1-2: Foul Ball, location: 2F 1-2: Foul Ball, location: 2F 1-2: Foul Ball, location: 2F 1-2: SINGLE (Line Drive, 9LS, EV 103.8 MPH)
|
|
Batting: SHB Joe Fure
|
0-0: Ball 1-0: Swinging Strike 1-1: Ball 2-1: Swinging Strike 2-2: Fly out, F9 (Flyball, 9, EV 91.9 MPH)
|
| Top of the 5th over - 0 runs, 1 hit, 0 errors, 1 left on base; Scranton WB 0 - Durham 2 |
| BOTTOM OF THE 5TH |
|
Durham Bulls batting - Pitching for Scranton WB RailRiders : RHP Devon Wiley
|
|
Batting: RHB John Downing
|
0-0: Ball 1-0: Ground out 5-3 (Groundball, 56D, EV 83.1 MPH)
|
|
Batting: RHB Sesto Carpini
|
0-0: Ball 1-0: Foul Ball, location: 2F 1-1: Ball 2-1: Ball 3-1: Ground out 6-3 (Groundball, 6S, EV 67.5 MPH)
|
|
Batting: RHB Jonathan Fraire
|
0-0: Called Strike 0-1: Foul Ball, location: 2F 0-2: Strikes out looking
|
| Bottom of the 5th over - 0 runs, 0 hits, 0 errors, 0 left on base; Scranton WB 0 - Durham 2 |
| TOP OF THE 6TH |
|
Scranton WB RailRiders batting - Pitching for Durham Bulls : LHP Chris Ross
|
|
Batting: LHB Joel Vera
|
0-0: Ball 1-0: Foul Ball, location: 2F 1-1: Ball 2-1: Ball 3-1: Fly out, F8 (Flyball, 89S, EV 90.0 MPH)
|
|
Batting: RHB Andy Wasierski
|
0-0: Called Strike 0-1: Ground out 5-3 (Groundball, 56S, EV 83.1 MPH)
|
|
Batting: SHB Mukhtar Wa'il
|
0-0: Ball 1-0: Ball 2-0: Foul Ball, location: 2F 2-1: Swinging Strike 2-2: Ball 3-2: Foul Ball, location: 2F 3-2: Strikes out swinging
|
| Top of the 6th over - 0 runs, 0 hits, 0 errors, 0 left on base; Scranton WB 0 - Durham 2 |
| BOTTOM OF THE 6TH |
|
Durham Bulls batting - Pitching for Scranton WB RailRiders : RHP Devon Wiley
|
|
Pitching: RHP Jim Milch
|
|
|
Batting: SHB Lou Kroneman
|
0-0: Ball 1-0: Ball 2-0: Ball 3-0: Called Strike 3-1: Base on Balls
|
|
Batting: RHB David Ward
|
0-0: Called Strike 0-1: Ball 1-1: Ball 2-1: Grounds into double play, 6-4-3 (Groundball, 6, EV 88.1 MPH)
|
|
Batting: RHB Jose Arriola
|
0-0: Called Strike 0-1: Ball 1-1: Ball 2-1: Ball 3-1: Called Strike 3-2: Foul Ball, location: 2F 3-2: Foul Ball, location: 2F 3-2: Foul Ball, location: 2F 3-2: TRIPLE (Flyball, 89XD, EV 96.9 MPH)
|
|
Batting: LHB Jake Rheaume
|
0-0: Ball 1-0: Called Strike 1-1: Ground out 5-3 (Groundball, 5, EV 86.2 MPH)
|
| Bottom of the 6th over - 0 runs, 1 hit, 0 errors, 1 left on base; Scranton WB 0 - Durham 2 |
| TOP OF THE 7TH |
|
Scranton WB RailRiders batting - Pitching for Durham Bulls : LHP Chris Ross
|
|
Batting: SHB Victor Ruiz
|
0-0: Ball 1-0: SINGLE (Line Drive, 9S, EV 90.6 MPH)
|
|
Pinch Hitting: RHB Jerry Castro
|
0-0: Ball 1-0: DOUBLE (Line Drive, 7LM, EV 102.5 MPH) Victor Ruiz to third
|
|
Batting: RHB Josh Zoglmann
|
0-0: Swinging Strike 0-1: SINGLE (Groundball, 4M, EV 96.2 MPH) (infield hit) Victor Ruiz scores Jerry Castro to third
|
|
Batting: LHB Dan Morris
|
0-0: Ball Josh Zoglmann is caught stealing 2nd base 2-6 1-0: Squeeze Bunt to 23 - play home, runner scores, batter safe! Jerry Castro scores
|
|
Batting: RHB Eric Davis
|
0-0: Swinging Strike 0-1: Ball 1-1: Ball 2-1: Ball 3-1: Foul Ball, location: 2F 3-2: Base on Balls Dan Morris to second
|
|
Pitching: RHP Al Speer
|
|
|
Batting: SHB Joe Fure
|
0-0: 3-RUN HOME RUN (Flyball, 9LD, EV 92.5 MPH), Distance : 334 ft
|
|
Batting: LHB Joel Vera
|
0-0: Ball 1-0: Foul Ball, location: 2F 1-1: Foul Ball, location: 2F 1-2: Ground out 4-3 (Groundball, 4, EV 91.2 MPH)
|
|
Batting: RHB Andy Wasierski
|
0-0: Ball 1-0: Foul Ball, location: 2F 1-1: Ball 2-1: Called Strike 2-2: Ball 3-2: Fly out, F8 (Flyball, 8LD, EV 93.1 MPH)
|
| Top of the 7th over - 5 runs, 4 hits, 0 errors, 0 left on base; Scranton WB 5 - Durham 2 |
| BOTTOM OF THE 7TH |
|
Durham Bulls batting - Pitching for Scranton WB RailRiders : RHP Jim Milch
|
|
Now in LF: Victor Ruiz
|
|
|
Now in CF: Joe Fure
|
|
|
Now in RF: Mike Plugge
|
|
|
Batting: RHB Freddy Mullen
|
0-0: Ball 1-0: Ball 2-0: Ground out 6-3 (Groundball, 6, EV 83.8 MPH)
|
|
Pinch Hitting: LHB Davion Lewis
|
0-0: Ball 1-0: Swinging Strike 1-1: SOLO HOME RUN (Flyball, 9LD, EV 89.4 MPH), Distance : 347 ft
|
|
Batting: RHB John Downing
|
0-0: Ground out 6-3 (Groundball, 56, EV 95.6 MPH)
|
|
Batting: RHB Sesto Carpini
|
0-0: Called Strike 0-1: Fly out, F9 (Line Drive, 9, EV 88.8 MPH)
|
| Bottom of the 7th over - 1 run, 1 hit, 0 errors, 0 left on base; Scranton WB 5 - Durham 3 |
| TOP OF THE 8TH |
|
Scranton WB RailRiders batting - Pitching for Durham Bulls : RHP Al Speer
|
|
Now in LF: Davion Lewis
|
|
|
Batting: SHB Mukhtar Wa'il
|
0-0: Called Strike 0-1: SINGLE (Groundball, 4MD, EV 108.8 MPH)
|
|
Batting: SHB Victor Ruiz
|
0-0: Ball 1-0: Called Strike 1-1: SINGLE (Flyball, 89S, EV 101.2 MPH) Mukhtar Wa'il to second Runner from 2nd tries for 3rd, OUT! 8-5
|
|
Batting: RHB Mike Plugge
|
0-0: Foul Ball, location: 2F 0-1: Ball 1-1: Foul Ball, location: 2F 1-2: Fly out, F8 (Flyball, 89M, EV 82.5 MPH)
|
|
Batting: RHB Josh Zoglmann
|
0-0: Ball 1-0: Swinging Strike 1-1: Ball 2-1: Ball 3-1: Foul Ball, location: 2F 3-2: SINGLE (Groundball, 56, EV 103.1 MPH) Victor Ruiz to second Victor Ruiz to third
|
|
Batting: LHB Dan Morris
|
0-0: Called Strike 0-1: Ball 1-1: Ball 2-1: Swinging Strike 2-2: Foul Ball, location: 2F 2-2: Fly out, F6 (Line Drive, 6, EV 75.6 MPH)
|
| Top of the 8th over - 0 runs, 3 hits, 0 errors, 2 left on base; Scranton WB 5 - Durham 3 |
| BOTTOM OF THE 8TH |
|
Durham Bulls batting - Pitching for Scranton WB RailRiders : RHP Jim Milch
|
|
Pitching: RHP Joe Kimbrough
|
|
|
Batting: RHB Jonathan Fraire
|
0-0: Foul Ball, location: 2F 0-1: SINGLE (Groundball, 56, EV 106.2 MPH)
|
|
Batting: SHB Lou Kroneman
|
0-0: Foul Ball, location: 2F 0-1: Ball 1-1: Swinging Strike 1-2: Ball 2-2: Foul Ball, location: 2F 2-2: Ball 3-2: Foul Ball, location: 2F 3-2: Base on Balls Jonathan Fraire to second
|
|
Batting: RHB David Ward
|
0-0: Ball 1-0: Ball 2-0: Ball 3-0: Called Strike 3-1: Called Strike 3-2: Foul Ball, location: 2F 3-2: Base on Balls Jonathan Fraire to third Lou Kroneman to second
|
|
Batting: RHB Jose Arriola
|
0-0: Ball 1-0: Swinging Strike 1-1: Foul Ball, location: 2F 1-2: Reached on error, E5 (Groundball, 5, EV 84.4 MPH) Jonathan Fraire scores Lou Kroneman to third David Ward to second
|
|
Batting: LHB Jake Rheaume
|
0-0: Ball 1-0: Foul Ball, location: 2F 1-1: Called Strike 1-2: Ball 2-2: Ball 3-2: Base on Balls Lou Kroneman scores David Ward to third Jose Arriola to second
|
|
Batting: RHB Freddy Mullen
|
0-0: Ball 1-0: Foul Ball, location: 2F 1-1: Foul Ball, location: 2F 1-2: Foul Ball, location: 2F 1-2: Ball 2-2: Strikes out swinging
|
|
Pitching: RHP Ray Richards
|
|
|
Batting: LHB Davion Lewis
|
0-0: Called Strike 0-1: SINGLE (Groundball, 34D, EV 105.6 MPH) David Ward scores Jose Arriola to third Jake Rheaume to second Runner from 3rd tries for Home, SAFE, throw by RF to home Jake Rheaume to third Davion Lewis to second
|
|
Batting: RHB John Downing
|
0-0: Swinging Strike 0-1: Called Strike 0-2: Foul Ball, location: 2F 0-2: Foul Ball, location: 2F 0-2: SINGLE (Groundball, 56, EV 101.2 MPH) Jake Rheaume scores Davion Lewis to third
|
|
Batting: RHB Sesto Carpini
|
0-0: Foul Ball, location: 2F 0-1: Swinging Strike 0-2: Ball 1-2: Ground out 5-3 (Groundball, 15, EV 91.9 MPH) John Downing to second
|
|
Batting: RHB Jonathan Fraire
|
0-0: Ball 1-0: Ball 2-0: Ball 3-0: Base on Balls
|
|
Batting: SHB Lou Kroneman
|
0-0: Foul Ball, location: 2F 0-1: Ball 1-1: Foul Ball, location: 2F 1-2: Strikes out swinging
|
| Bottom of the 8th over - 5 runs, 3 hits, 1 error, 3 left on base; Scranton WB 5 - Durham 8 |
| TOP OF THE 9TH |
|
Scranton WB RailRiders batting - Pitching for Durham Bulls : RHP Al Speer
|
|
Pitching: LHP Parker Martinet
|
|
|
Batting: RHB Eric Davis
|
0-0: Called Strike 0-1: Ball 1-1: Swinging Strike 1-2: DOUBLE (Line Drive, 89XD, EV 101.2 MPH)
|
|
Batting: SHB Joe Fure
|
0-0: Called Strike 0-1: Foul Ball, location: 2F 0-2: Ball 1-2: Ball 2-2: Ball 3-2: Ground out 6-3 (Groundball, 6S, EV 87.5 MPH)
|
|
Batting: RHB Devon Utley
|
0-0: Ball 1-0: SINGLE (Groundball, 25, EV 62.5 MPH) (infield hit) Eric Davis to third
|
|
Batting: RHB Andy Wasierski
|
0-0: Ball 1-0: Called Strike 1-1: SINGLE (Line Drive, 89M, EV 105.6 MPH) Eric Davis scores Devon Utley to second
|
|
Batting: SHB Mukhtar Wa'il
|
0-0: SINGLE (Flyball, 9LS, EV 85.0 MPH) Devon Utley to third Andy Wasierski to second
|
|
Batting: SHB Victor Ruiz
|
0-0: Ball 1-0: Foul Ball, location: 2F 1-1: Foul Ball, location: 2F 1-2: Fly out, F7 (Line Drive, 7, EV 89.4 MPH)
|
|
Batting: RHB Mike Plugge
|
0-0: Ball 1-0: DOUBLE (Groundball, 5L, EV 111.9 MPH) Devon Utley scores Andy Wasierski scores Mukhtar Wa'il to third Runner from 3rd tries for Home, SAFE, throw by LF to home
|
|
Pitching: LHP Sam Wesman
|
|
|
Batting: RHB Josh Zoglmann
|
0-0: Foul Ball, location: 2F 0-1: Ball 1-1: Ball 2-1: Ball 3-1: Called Strike 3-2: Ground out 5-3 (Groundball, 56S, EV 88.8 MPH)
|
| Top of the 9th over - 4 runs, 5 hits, 0 errors, 1 left on base; Scranton WB 9 - Durham 8 |
| BOTTOM OF THE 9TH |
|
Durham Bulls batting - Pitching for Scranton WB RailRiders : RHP Ray Richards
|
|
Pitching: RHP Mark Stafford
|
|
|
Now at 1B: Ryan Buchbinder
|
|
|
Batting: RHB David Ward
|
0-0: SINGLE (Line Drive, 34D, EV 93.8 MPH)
|
|
Batting: RHB Jose Arriola
|
0-0: Called Strike 0-1: Fielders Choice at 2nd, 6-4 (Groundball, 6, EV 89.4 MPH)
|
|
Batting: LHB Jake Rheaume
|
0-0: Called Strike 0-1: Foul Ball, location: 2F 0-2: Foul Ball, location: 2F 0-2: Foul Ball, location: 2F 0-2: Strikes out looking
|
|
Pinch Hitting: SHB Brett McEwen
|
0-0: Foul Ball, location: 2F 0-1: Ball 1-1: Called Strike 1-2: Ball 2-2: Foul Ball, location: 2F 2-2: Ground out 6-3 (Groundball, 56, EV 99.4 MPH)
|
| Bottom of the 9th over - 0 runs, 1 hit, 0 errors, 1 left on base; Scranton WB 9 - Durham 8 |
|